 Dungeon Crawl Stone Soup version 0.32-a0-931-g5a2cda0 (webtiles) character file.

Game seed: 15053529911027612444

47 takemehigh the Sneak (level 3, 0/18 HPs)
             Began as a Vine Stalker Brigand on Apr 7, 2024.
             Slain by a gnoll
             ... wielding a +0 club
              (6 damage)
             ... on level 2 of the Dungeon on Apr 13, 2024.
             The game lasted 00:02:56 (760 turns).

takemehigh the Sneak (Vine Stalker Brigand)          Turns: 760, Time: 00:02:56

Health: 0/18       AC:  3    Str: 13    XL:     3   Next: 70%
Magic:  0/4        EV: 11    Int: 11    God:
Gold:   76         SH:  0    Dex: 17    Spells: 2/2 levels left

rFire   . . .        a - +2 dagger
rCold   . . .        (no shield)
rNeg    . . .        b - +0 robe
rPois   .            (no helmet)
rElec   .            c - +0 cloak
rCorr   .            (no gloves)
SInv    .            (no boots)
Will    .....        i - amulet of faith
Stlth   +++          k - ring of flight
HPRegen 1.03/turn    (no ring)
MPRegen 0.09/turn

%: guardian spirit, faith
@: flying
A: fangs 2, regeneration 1, magic shield, antimagic bite, no potion heal 2
a: no special abilities


You were on level 2 of the Dungeon.
You visited 1 branch of the dungeon, and saw 2 of its levels.

You collected 76 gold pieces.

Inventory:

Hand Weapons
 a - a +2 dagger (weapon)
Missiles
 d - 13 poisoned darts (quivered)
 e - 3 curare-tipped darts
Armour
 b - a +0 robe (worn)
 c - a +0 cloak (worn)
Jewellery
 i - an amulet of faith (around neck)
 k - a ring of flight (left hand)
Wands
 l - a wand of light (3)
Scrolls
 f - 3 scrolls of identify {unknown}
 g - a scroll of enchant weapon {unknown}
 m - a scroll of silence {unknown}
 n - a scroll of fear {unknown}
Potions
 h - a potion of haste {unknown}
 j - a potion of invisibility {unknown}


   Skills:
 + Level 2.2 Fighting
 + Level 2.3 Short Blades
 - Level 1.8 Throwing
 + Level 1.4 Dodging
 + Level 5.3 Stealth


You had 2 spell levels left.
You didn't know any spells.
Your spell library was empty.

Dungeon Overview and Level Annotations

Branches:
Dungeon (2/15)

Altars:

Shops:
D:1 *


Innate Abilities, Weirdness & Mutations

You have extremely sharp teeth.
Your natural rate of healing is unusually fast.
When hurt, damage is shared between your health and your magic reserves.
Your bite disrupts and absorbs the magic of your enemies.
Potions cannot restore your health.


Message History

The gnoll hits you with a +0 club!
You hit the gnoll. You bite the gnoll, but do no damage.
The gnoll is lightly wounded.
You closely miss the gnoll.
The gnoll is lightly wounded.
The gnoll barely misses you.
You hit the gnoll. You bite the gnoll, but do no damage.
The gnoll is moderately wounded.
The adder bites you but does no damage.
You hit the gnoll. Your bite misses the gnoll.
The gnoll is severely wounded.
The adder barely misses you. The gnoll hits you with a +0 club. x2
You hit the gnoll.
The gnoll is severely wounded.
The adder misses you. The gnoll misses you. The gnoll barely misses you.
You hit the gnoll.
The gnoll is almost dead.
The adder barely misses you. The gnoll hits you with a +0 flail.
The gnoll closely misses you. The gnoll hits you with a +0 club.
* * * LOW HITPOINT WARNING * * *
You are too injured to fight recklessly!
You are too injured to fight recklessly!
You are too injured to fight recklessly!
You are too injured to fight recklessly!
You are too injured to fight recklessly!
You are too injured to fight recklessly!
You are too injured to fight recklessly!
You are too injured to fight recklessly!
You are too injured to fight recklessly!
You are too injured to fight recklessly!
You are too injured to fight recklessly!
You are too injured to fight recklessly!
You are too injured to fight recklessly!
You are too injured to fight recklessly!
You are too injured to fight recklessly!
You are too injured to fight recklessly!
You are too injured to fight recklessly!
You are too injured to fight recklessly!
The gnoll hits you with a +0 club.
You die...

#.# #.# ######+#.#
........$# .......$.#
..<......# ... ...?...g.#
# ..#.# #.....gS.# ###.
#.#.##
#.....gg@######...##.#.#.
#...[###.(......# ...#.#.
#... #..#####.###..#.#.
#.. #..#...#...#..#.#. ##
#........#.#..#.#.
#.>.............'.
#..#.##....####.#.
#..#............#.
#.###############.


You could see 4 gnolls and an adder.

Vanquished Creatures
  An adder (D:2)
  2 dart slugs
  A ribbon worm (D:2)
  2 ball pythons
  4 bats
  An endoplasm (D:1)
  3 goblins
  7 hobgoblins
  5 kobolds (D:1)
  A quokka (D:2)
  A frilled lizard (D:1)
28 creatures vanquished.

Notes
Turn   | Place    | Note
-------+----------+-------------------------------------------
     0 | D:1      | takemehigh the Vine Stalker Brigand began the quest for the
                  | Orb.
     0 | D:1      | Reached XP level 1. HP: 11/11 MP: 2/2
    14 | D:1      | Found Mecleph's Assorted Antiques.
   145 | D:1      | Upgraded the game from 0.32-a0-913-g739538a to
                  | 0.32-a0-931-g5a2cda0
   184 | D:1      | Reached skill level 1 in Dodging
   184 | D:1      | Reached XP level 2. HP: 15/15 MP: 3/3
   186 | D:1      | Reached skill level 5 in Stealth
   529 | D:2      | Reached XP level 3. HP: 18/18 MP: 4/4
   760 | D:2      | Slain by a gnoll

Illustrated notes

Levels and vault maps discovered:
D:1:      amcnicky_arrival_underground_garden, layout_rooms, serial_shops, shop,
          minmay_heptomino_w4
D:2:      layout_basic

Skill      XL: |  1  2 |
---------------+-------+-----
Dodging        | 1 |  1.4
Fighting       | 2 |  2.2
Stealth        | 5 |  5.3
Short Blades   | 2 |  2.3
Throwing       | |  1.8

Action                     || total
---------------------------++-------
  Melee: Dagger            ||    86
         Bite              ||    18
   Stab: Sleeping          ||    10
 Armour: Robe              ||    60
  Dodge: Dodged            ||    70

Table legend: (Time is in decaauts)
 A = Elapsed time spent in this place.
 B = Non-inter-level travel time spent in this place.
 C = Inter-level travel time spent in this place.
 D = Time resting spent in this place.
 E = Time spent auto-exploring this place.
 F = Levels seen in this place.
 G = Mean time per level.
                   A        B        C        D        E       F      G
               +--------+--------+--------+--------+--------+-----+--------+
         Total |    747 |    733 |     14 |      0 |    510 |   2 |  373.5 |
       Dungeon |    747 |    733 |     14 |      0 |    510 |   2 |  373.5 |
               +--------+--------+--------+--------+--------+-----+--------+

Top non-repeatable levels by time:
     D:1: 505 daAuts
     D:2: 242 daAuts
